SAAA
PENNSAUKEN FLYERS @ BALTIMORE BLACK SOX
08/25/2032
 
TOP OF THE 1ST
Pennsauken Flyers batting - Pitching for Baltimore Black Sox : RHP Gregory Bahena
Pitching: RHP Gregory Bahena
Batting: RHB Patrick Eggen 0-0: Ball
1-0: SINGLE (Line Drive, 6)
Batting: RHB Isuru Tanaka 0-0: Ball
1-0: Swinging Strike
Patrick Eggen steals 2nd base
1-1: Ball
2-1: Foul Ball, location: 2F
2-2: Strikes out swinging
Batting: LHB Ignacio Martínez 0-0: Fly out, F9 (Line Drive, 9D)
Runner from 2nd tags up, SAFE at 3rd, no throw
Batting: LHB Gong Mao 0-0: Ball
1-0: Foul Ball, location: 2F
1-1: Ball
2-1: Foul Ball, location: 2F
2-2: Ball
3-2: Foul Ball, location: 2F
3-2: SINGLE (Groundball, 6D)
Patrick Eggen scores
Batting: LHB Juan Gabriel 0-0: Foul Ball, location: 2F
0-1: Foul Ball, location: 2F
0-2: Ball
1-2: Strikes out swinging
Top of the 1st over - 1 run, 2 hits, 0 errors, 1 left on base; Pennsauken 1 - Baltimore 0
BOTTOM OF THE 1ST
Baltimore Black Sox batting - Pitching for Pennsauken Flyers : RHP Seong-rae Park
Pitching: RHP Seong-rae Park
Batting: LHB Ramón Flores 0-0: Ball
1-0: Called Strike
1-1: Swinging Strike
1-2: Ball
2-2: Ball
3-2: Foul Ball, location: 2F
3-2: Base on Balls
Batting: RHB Fernando Martínez 0-0: Called Strike
Ramón Flores steals 2nd base
0-1: Foul Ball, location: 2F
0-2: Ball
1-2: Ball
2-2: Foul Ball, location: 2F
2-2: Ball
3-2: Strikes out looking
Batting: RHB Daniel Bertrand 0-0: Ball
1-0: Called Strike
1-1: Ground out 6-3 (Groundball, 6)
Batting: RHB Berihun Tukufu 0-0: Foul Ball, location: 2F
0-1: Foul Ball, location: 2F
0-2: Strikes out looking
Bottom of the 1st over - 0 runs, 0 hits, 0 errors, 1 left on base; Pennsauken 1 - Baltimore 0
TOP OF THE 2ND
Pennsauken Flyers batting - Pitching for Baltimore Black Sox : RHP Gregory Bahena
Batting: RHB Clarence Therrien 0-0: Called Strike
0-1: Foul Ball, location: 2F
0-2: Fly out, F9 (Flyball, 9)
Batting: RHB Marc Beck 0-0: Called Strike
0-1: Ground out 5-3 (Groundball, 56S)
Batting: RHB Raúl Guerrero 0-0: Fly out, F4 (Popup, 23)
Top of the 2nd over - 0 runs, 0 hits, 0 errors, 0 left on base; Pennsauken 1 - Baltimore 0
BOTTOM OF THE 2ND
Baltimore Black Sox batting - Pitching for Pennsauken Flyers : RHP Seong-rae Park
Batting: RHB Howard Lee 0-0: Ball
1-0: Called Strike
1-1: Swinging Strike
1-2: Ball
2-2: Strikes out swinging
Batting: RHB Maik Palen 0-0: Ball
1-0: Ball
2-0: Ball
3-0: Called Strike
3-1: Foul Ball, location: 2F
3-2: SINGLE (Line Drive, 56D)
Batting: SHB Alex Mable 0-0: Ball
1-0: Called Strike
1-1: Called Strike
1-2: Ball
2-2: Foul Ball, location: 2F
2-2: Grounds into double play, 6-4-3 (Groundball, 6)
Bottom of the 2nd over - 0 runs, 1 hit, 0 errors, 0 left on base; Pennsauken 1 - Baltimore 0
TOP OF THE 3RD
Pennsauken Flyers batting - Pitching for Baltimore Black Sox : RHP Gregory Bahena
Batting: SHB Bob Lambert 0-0: Ball
1-0: Called Strike
1-1: Foul Ball, location: 2F
1-2: Ball
2-2: Fly out, F9 (Flyball, 89S)
Batting: RHB Patrick Eggen 0-0: Called Strike
0-1: SINGLE (Groundball, 6MD)
Batting: RHB Isuru Tanaka 0-0: Foul Ball, location: 2F
0-1: Ball
1-1: Fly out, F8 (Flyball, 8RD)
Batting: LHB Ignacio Martínez 0-0: Ball
1-0: Swinging Strike
1-1: Ball
Patrick Eggen steals 2nd base
2-1: Swinging Strike
2-2: Strikes out looking
Top of the 3rd over - 0 runs, 1 hit, 0 errors, 1 left on base; Pennsauken 1 - Baltimore 0
BOTTOM OF THE 3RD
Baltimore Black Sox batting - Pitching for Pennsauken Flyers : RHP Seong-rae Park
Batting: RHB Ben Kennerly 0-0: Ball
1-0: Foul Ball, location: 2F
1-1: Swinging Strike
1-2: Foul Ball, location: 2F
1-2: Ball
2-2: Ball
3-2: Strikes out swinging
Batting: RHB Maikel Cobblepot 0-0: Fly out, F7 (Flyball, 7S)
Batting: LHB Ramón Flores 0-0: Called Strike
0-1: Ball
1-1: SINGLE (Line Drive, 8LS)
Batting: RHB Fernando Martínez 0-0: Ball
Ramón Flores steals 2nd base
1-0: Foul Ball, location: 2F
1-1: Ball
2-1: Foul Ball, location: 2F
2-2: Fly out, F3 (Flyball, 34D)
Bottom of the 3rd over - 0 runs, 1 hit, 0 errors, 1 left on base; Pennsauken 1 - Baltimore 0
TOP OF THE 4TH
Pennsauken Flyers batting - Pitching for Baltimore Black Sox : RHP Gregory Bahena
Batting: LHB Gong Mao 0-0: Ball
1-0: Ball
2-0: Fly out, F8 (Flyball, 8RS)
Batting: LHB Juan Gabriel 0-0: Ball
1-0: Fly out, F7 (Flyball, 7)
Batting: RHB Clarence Therrien 0-0: Ball
1-0: Swinging Strike
1-1: Foul Ball, location: 2F
1-2: Foul Ball, location: 2F
1-2: Foul Ball, location: 2F
1-2: Ground out U3 (Groundball, 34S)
Top of the 4th over - 0 runs, 0 hits, 0 errors, 0 left on base; Pennsauken 1 - Baltimore 0
BOTTOM OF THE 4TH
Baltimore Black Sox batting - Pitching for Pennsauken Flyers : RHP Seong-rae Park
Batting: RHB Daniel Bertrand 0-0: Ball
1-0: Called Strike
1-1: Foul Ball, location: 2F
1-2: Foul Ball, location: 2F
1-2: Foul Ball, location: 2F
1-2: Ground out 1-3 (Groundball, 13)
Batting: RHB Berihun Tukufu 0-0: Ball
1-0: Foul Ball, location: 2F
1-1: Foul Ball, location: 2F
1-2: Ball
2-2: Ball
3-2: Strikes out swinging
Batting: RHB Howard Lee 0-0: Ball
1-0: Fly out, F3 (Popup, 3SF)
Bottom of the 4th over - 0 runs, 0 hits, 0 errors, 0 left on base; Pennsauken 1 - Baltimore 0
TOP OF THE 5TH
Pennsauken Flyers batting - Pitching for Baltimore Black Sox : RHP Gregory Bahena
Batting: RHB Marc Beck 0-0: Called Strike
0-1: Ball
1-1: SINGLE (Groundball, 6MD)
Batting: RHB Raúl Guerrero 0-0: Ball
1-0: Sac Bunt - play at first, batter OUT! 5-4
Marc Beck to second
Batting: SHB Bob Lambert 0-0: Ball
1-0: Foul Ball, location: 2F
1-1: Swinging Strike
1-2: Foul Ball, location: 2F
1-2: Strikes out swinging
Batting: RHB Patrick Eggen 0-0: Called Strike
0-1: Ball
1-1: Foul Ball, location: 2F
1-2: Ground out 3-1 (Groundball, 34)
Top of the 5th over - 0 runs, 1 hit, 0 errors, 1 left on base; Pennsauken 1 - Baltimore 0
BOTTOM OF THE 5TH
Baltimore Black Sox batting - Pitching for Pennsauken Flyers : RHP Seong-rae Park
Batting: RHB Maik Palen 0-0: Ball
1-0: Ground out 5-3 (Groundball, 5L)
Batting: SHB Alex Mable 0-0: Ball
1-0: Called Strike
1-1: Ground out 3-1 (Groundball, 34)
Batting: RHB Ben Kennerly 0-0: Ball
1-0: SINGLE (Groundball, 56D)
Batting: RHB Maikel Cobblepot 0-0: Ball
Ben Kennerly steals 2nd base
1-0: Foul Ball, location: 2F
1-1: Ball
2-1: Ground out 6-3 (Groundball, 6)
Bottom of the 5th over - 0 runs, 1 hit, 0 errors, 1 left on base; Pennsauken 1 - Baltimore 0
TOP OF THE 6TH
Pennsauken Flyers batting - Pitching for Baltimore Black Sox : RHP Gregory Bahena
Batting: RHB Isuru Tanaka 0-0: Ground out 4-3 (Groundball, 6MS)
Batting: LHB Ignacio Martínez 0-0: Ball
1-0: Swinging Strike
1-1: Ball
2-1: Ball
3-1: SINGLE (Groundball, 3S) (infield hit)
Batting: LHB Gong Mao 0-0: Fly out, F8 (Flyball, 8LXD)
Batting: LHB Juan Gabriel 0-0: Ball
1-0: Called Strike
1-1: Called Strike
1-2: Strikes out swinging
Top of the 6th over - 0 runs, 1 hit, 0 errors, 1 left on base; Pennsauken 1 - Baltimore 0
BOTTOM OF THE 6TH
Baltimore Black Sox batting - Pitching for Pennsauken Flyers : RHP Seong-rae Park
Batting: LHB Ramón Flores 0-0: Ball
1-0: SINGLE (Groundball, 56) (infield hit)
Batting: RHB Fernando Martínez 0-0: Ball
1-0: Bunt missed!
1-1: Ball
2-1: Sac Bunt - play at first, batter OUT! U3
Ramón Flores to second
Batting: RHB Daniel Bertrand 0-0: Foul Ball, location: 2F
0-1: Ball
1-1: Ball
2-1: Ground out U3 (Groundball, 3)
Ramón Flores to third
Batting: RHB Berihun Tukufu 0-0: Fly out, F6 (Popup, 6M)
Bottom of the 6th over - 0 runs, 1 hit, 0 errors, 1 left on base; Pennsauken 1 - Baltimore 0
TOP OF THE 7TH
Pennsauken Flyers batting - Pitching for Baltimore Black Sox : RHP Gregory Bahena
Batting: RHB Clarence Therrien 0-0: Foul Ball, location: 2F
0-1: Ball
1-1: DOUBLE (Groundball, 5L)
Batting: RHB Marc Beck 0-0: Ball
1-0: Foul Ball, location: 2F
1-1: Ball
2-1: Ground out 6-3 (Groundball, 6)
Pinch Hitting: RHB Chris Teague 0-0: Intentional Walk
Batting: SHB Bob Lambert 0-0: Called Strike
0-1: Foul Ball, location: 2F
0-2: Grounds into double play, 4-6-3 (Groundball, 4M)
Top of the 7th over - 0 runs, 1 hit, 0 errors, 1 left on base; Pennsauken 1 - Baltimore 0
BOTTOM OF THE 7TH
Baltimore Black Sox batting - Pitching for Pennsauken Flyers : RHP Seong-rae Park
Now at 1B: Raúl Javier Jr.
Batting: RHB Howard Lee 0-0: Ball
1-0: Fly out, F9 (Flyball, 89D)
Batting: RHB Maik Palen 0-0: Ball
1-0: SINGLE (Line Drive, 89M)
Batting: SHB Alex Mable 0-0: Fly out, F5 (Line Drive, 56S)
Batting: RHB Ben Kennerly 0-0: Called Strike
0-1: Ball
1-1: Foul Ball, location: 2F
1-2: Ball
2-2: SINGLE (Line Drive, 9S)
Maik Palen to second
Runner from 2nd tries for 3rd, SAFE, no throw
Pinch Hitting: LHB Juan Villanueva 0-0: Called Strike
0-1: Ball
1-1: Swinging Strike
1-2: Ground out 5-3 (Groundball, 56)
Bottom of the 7th over - 0 runs, 2 hits, 0 errors, 2 left on base; Pennsauken 1 - Baltimore 0
TOP OF THE 8TH
Pennsauken Flyers batting - Pitching for Baltimore Black Sox : RHP Gregory Bahena
Now in RF: Pancho Núñez
Batting: RHB Patrick Eggen 0-0: Ball
1-0: Foul Ball, location: 2F
1-1: Foul Ball, location: 2F
1-2: TRIPLE (Groundball, 5L)
Batting: RHB Isuru Tanaka 0-0: Called Strike
0-1: Ball
1-1: Called Strike
1-2: Strikes out swinging
Batting: LHB Ignacio Martínez 0-0: Fly out, F8 (Flyball, 8LS)
Runner from 3rd tags up, SCORES, no throw
Batting: LHB Gong Mao 0-0: Called Strike
0-1: Ball
1-1: Ball
2-1: Ball
3-1: Base on Balls
Batting: LHB Juan Gabriel 0-0: Ball
1-0: Ball
2-0: Foul Ball, location: 2F
2-1: Fielders Choice at 2nd, U6 (Groundball, 6M)
Top of the 8th over - 1 run, 1 hit, 0 errors, 1 left on base; Pennsauken 2 - Baltimore 0
BOTTOM OF THE 8TH
Baltimore Black Sox batting - Pitching for Pennsauken Flyers : RHP Seong-rae Park
Batting: LHB Ramón Flores 0-0: Ball
1-0: Foul Ball, location: 2F
1-1: Called Strike
1-2: Foul Ball, location: 2F
1-2: Fly out, F6 (Line Drive, 6)
Pitching: RHP Manny Hernández
Batting: RHB Fernando Martínez 0-0: Ball
1-0: Ball
2-0: Called Strike
2-1: Ball
3-1: Ground out 6-3 (Groundball, 6)
Batting: RHB Daniel Bertrand 0-0: DOUBLE (Flyball, 9LD)
Batting: RHB Berihun Tukufu 0-0: Foul Ball, location: 2F
0-1: Fly out, F7 (Flyball, 7LS)
Bottom of the 8th over - 0 runs, 1 hit, 0 errors, 1 left on base; Pennsauken 2 - Baltimore 0
TOP OF THE 9TH
Pennsauken Flyers batting - Pitching for Baltimore Black Sox : RHP Gregory Bahena
Batting: RHB Clarence Therrien 0-0: Ball
1-0: Foul Ball, location: 2F
1-1: SINGLE (Groundball, 5D)
Batting: RHB Marc Beck 0-0: Called Strike
0-1: Ball
1-1: Called Strike
1-2: Foul Ball, location: 2F
1-2: Fly out, F2 (Popup, 25F)
Pitching: LHP Francisco Gonsáles
Batting: RHB Raúl Javier Jr. 0-0: Ball
1-0: Foul Ball, location: 2F
1-1: Called Strike
1-2: Ball
2-2: Grounds into double play, 5-4-3 (Groundball, 56)
Top of the 9th over - 0 runs, 1 hit, 0 errors, 0 left on base; Pennsauken 2 - Baltimore 0
BOTTOM OF THE 9TH
Baltimore Black Sox batting - Pitching for Pennsauken Flyers : RHP Manny Hernández
Pitching: RHP Alain Arnaud
Batting: RHB Howard Lee 0-0: Ball
1-0: Called Strike
1-1: Foul Ball, location: 2F
1-2: Ground out 6-3 (Groundball, 6MS)
Batting: RHB Maik Palen 0-0: Called Strike
0-1: Ball
1-1: Ground out 6-3 (Groundball, 6M)
Batting: SHB Alex Mable 0-0: Ball
1-0: Fly out, F9 (Flyball, 9LS)
Bottom of the 9th over - 0 runs, 0 hits, 0 errors, 0 left on base; Pennsauken 2 - Baltimore 0
Wednesday, September 19th, 2018 - OOTP Baseball 18.8 Build 76